 Dungeon Crawl Stone Soup version 0.22.0-1-g6561e4c (webtiles) character file.

164 magipi the Shooter (level 5, -3/32 HPs)
             Began as a Gargoyle Arcane Marksman on Aug 12, 2018.
             Slain by Natasha (4 damage)
             ... on level 3 of the Dungeon.
             The game lasted 00:08:11 (2555 turns).

magipi the Shooter (Gargoyle Arcane Marksman)       Turns: 2555, Time: 00:08:12

Health: -3/32      AC:  7    Str: 15    XL:     5   Next: 45%
Magic:  6/6        EV: 12    Int: 18    God:
Gold:   28         SH:  0    Dex: 10    Spells: 5/6 levels left

rFire    . . .     SeeInvis .   b - +0 dagger
rCold    . . .     Gourm    .   (no shield)
rNeg     + . .     Faith    .   e - +0 robe
rPois    ∞         Spirit   .   o - +0 helmet
rElec    +         Reflect  .   (no cloak)
rCorr    .         Harm     .   (no gloves)
MR       .....                  (no boots)
Stlth    +.........             (no amulet)
HPRegen  0.10/turn              (no ring)
MPRegen  0.10/turn              (no ring)

@: brilliant, very slightly contaminated, invisible
A: negative energy resistance 1, electricity resistance, unbreathing,
petrification resistance, rot immunity, AC +4
a: no special abilities


You were on level 3 of the Dungeon.
You were hungry.

You visited 1 branch of the dungeon, and saw 3 of its levels.

You collected 28 gold pieces.

Inventory:

Hand Weapons
 a - a +0 shortbow
 b - a +0 dagger (weapon)
   (You took it off a goblin on level 2 of the Dungeon)
Missiles
 d - 7 arrows
Armour
 e - a +0 robe (worn)
 m - a +1 robe of resistance
   (You took it off Jessica on level 2 of the Dungeon)
 o - a +0 helmet (worn)
   (You took it off Robin on level 2 of the Dungeon)
Jewellery
 j - a cursed -2 ring of dexterity {unknown}
   (You found it on level 1 of the Dungeon)
Scrolls
 c - 2 scrolls of enchant weapon {unknown}
 i - a scroll of blinking {unknown}
 k - a scroll of amnesia {unknown}
 l - 2 scrolls of enchant armour {unknown}
 q - a scroll of teleportation {unknown}
 r - a scroll of fog {unknown}
Potions
 p - a potion of mutation {unknown}
Comestibles
 f - 7 rations
 s - 4 chunks of flesh


   Skills:
 + Level 3.2 Fighting
 * Level 4.6 Bows
 - Level 1.5 Dodging
 - Level 1.0 Spellcasting
 - Level 2.6 Hexes


You had 5 spell levels left.
You knew the following spells:

 Your Spells              Type           Power        Failure   Level  Hunger
a - Corona                Hex            ###....      1%          1    ##.....

Your spell library contained the following spells:

 Spells                   Type           Power        Failure   Level  Hunger
 Cause Fear               Hex            ###.......   8%          4    #####..
 Slow                     Hex            ###.....     1%          2    ###....
 Portal Projectile        Hex/Tloc       ###...       4%          3    ####...
 Leda's Liquefaction      Hex/Erth       ###.......   13%         4    #####..
 Inner Flame              Hex/Fire       ###.....     4%          3    ####...


Dungeon Overview and Level Annotations

Branches:
Dungeon (3/15)

Altars:
Makhleb
Nemelex Xobeh

Annotations:
D:3 Natasha, Terence


Innate Abilities, Weirdness & Mutations

You are resistant to torment.
Your stone body is resilient. (AC +4)
You are immune to poison.
You resist negative energy. (rN+)
You are resistant to electric shocks. (rElec)
You can survive without breathing.
You are immune to petrification.
You are immune to rotting.


Message History

The orc barely misses you.
You hit the orc.
You kill the orc!
No target in view!
Things that are here:
a club; a leather armour; an orc corpse
Found 12 gold pieces.
There is a stone staircase leading up here.
Found an escape hatch in the floor.
A rat comes into view.
Found 2 scrolls labeled MACSIS KOS HIG and a runed whip.
Found a burning altar of Makhleb.
You hit the rat.
You kill the rat!
You see here a rat corpse.
Natasha, Servant of Life and Death comes into view.
Natasha hisses angrily.
An orc comes into view. It is wielding a mace.
An orc comes into view. It is wielding a trident.
Found a stone staircase leading down.
You see here 10 gold pieces.
Press: ? - help, v - describe, . - travel
Here: Natasha The floor.
An orc wizard comes into view. It is wielding a dagger.
Wield which item (- for none, * to show all)? (? for menu, Esc to quit)
Okay, then.
Unknown command.
It was a potion of brilliance.
You feel clever all of a sudden.
You are feeling hungry.
Natasha casts a spell at you. The magic dart hits you!
It was a potion of ambrosia.
You are confused.
You feel invigorated.
Natasha stares at you and mumbles some strange words.
The magic dart hits you!
It was a potion of invisibility.
You fade into invisibility!
You are very lightly contaminated with residual magic.
Unknown command.
You're too confused to move!
Natasha casts a spell.
You hit Natasha.
Natasha is moderately wounded.
Natasha stares at you and mumbles some strange words.
The magic dart hits you!
The shadow imp hits you but does no damage.
You bump into the rock wall.
You feel less invigorated.
You feel less confused. Natasha closely misses you.
The shadow imp shouts, "Slither hence, thou impertinent moldwarp Cock-Lorel!"
The shadow imp hits you but does no damage.
You hit Natasha but do no damage.
Natasha is moderately wounded.
Natasha claws you. The shadow imp closely misses you.
Unknown command.
You hit Natasha.
Natasha is heavily wounded.
Natasha claws you. The shadow imp barely misses you.
You closely miss Natasha.
Natasha is heavily wounded.
Natasha drinks a potion.
Natasha seems to speed up.
The shadow imp hits you but does no damage.
Unknown command.
You miss Natasha.
Natasha is heavily wounded.
Natasha claws you but does no damage. The shadow imp barely misses you.
You hit Natasha but do no damage.
Natasha is heavily wounded.
Natasha barely misses you.
Natasha casts a spell.
The shadow imp hits you.
Unknown command.
You closely miss Natasha.
Natasha is heavily wounded.
Natasha stares at you and mumbles some strange words.
The magic dart hits you! The shadow imp gestures at you.
Pain shoots through your body! The white imp barely misses you.
You hit Natasha but do no damage.
Natasha is heavily wounded.
Natasha stares at you and mumbles some strange words.
The magic dart hits you! Natasha claws you. The white imp hits you.
* * * LOW HITPOINT WARNING * * *
The white imp freezes you.
* * * LOW HITPOINT WARNING * * *
The shadow imp hits you but does no damage.
You hit Natasha.
Natasha is severely wounded.
Natasha claws you but does no damage. The white imp closely misses you.
The shadow imp closely misses you.
Unknown command.
You hit Natasha.
Natasha is severely wounded.
Natasha claws you.
* * * LOW HITPOINT WARNING * * *
Natasha claws you.
You die...

..o.h...##
....._... ..
#.....#
...o#.##$######
.........h....# #
.....#†.####h##.##.
##?#
#..#........$.. #
#.<#h#..##.###.
#..#@#.)# #
#..55#..# #
###.####..#
#.#....###..#
#...........#
#..................
###################


You could see Natasha, a white imp and a shadow imp.

Vanquished Creatures
  Jessica (D:2)
  Robin (D:2)
  6 adders (D:2)
  A worm (D:2)
  4 leopard geckos
  2 orcs
  7 bats
  A giant cockroach (D:2)
  12 hobgoblins
  3 kobolds (D:2)
  3 frilled lizards
  15 goblins
  8 rats
64 creatures vanquished.

Notes
Turn   | Place    | Note
-------+----------+-------------------------------------------
     0 | D:1      | magipi the Gargoyle Arcane Marksman began the quest for the Orb.
     0 | D:1      | Reached XP level 1. HP: 12/12 MP: 2/2
    46 | D:1      | Reached XP level 2. HP: 14/16 MP: 3/3
   201 | D:1      | Found a sparkling altar of Nemelex Xobeh.
   610 | D:1      | Reached skill level 3 in Bows
   642 | D:1      | Reached XP level 3. HP: 21/21 MP: 4/4
   699 | D:2      | Noticed Jessica
   717 | D:2      | Killed Jessica
   717 | D:2      | Reached XP level 4. HP: 14/27 MP: 5/5
   868 | D:2      | Noticed Robin
   985 | D:2      | Reached skill level 4 in Bows
  1451 | D:2      | Killed Robin
  1630 | D:2      | Reached XP level 5. HP: 20/32 MP: 6/6
  2448 | D:3      | Noticed Terence
  2526 | D:3      | Found a burning altar of Makhleb.
  2531 | D:3      | Noticed Natasha
  2555 | D:3      | HP: 1/32 [Natasha (6)]
  2555 | D:3      | Slain by Natasha

Skill      XL: |  1  2  3  4 |
---------------+-------------+-----
Bows           | 3 4 |  4.6
Fighting       | 2 3 |  3.2
Dodging        | |  1.5
Spellcasting   | |  1.0
Hexes          | |  2.6

Action                   |  1- 3 |  4- 6 || total
-------------------------+-------+-------++-------
Melee: Unarmed           |    19 |    57 ||    76
       Dagger            |       |   183 ||   183
 Fire: Shortbow          |    67 |    44 ||   111
  Use: Potion            |       |     4 ||     4
  Eat: Chunk             |       |     5 ||     5
Armor: Robe              |    15 |    73 ||    88
Dodge: Dodged            |    50 |   182 ||   232

Action                   |  1- 3 |  4- 6 || total
-------------------------+-------+-------++-------
Melee: Unarmed           |    19 |    57 ||    76
       Dagger            |       |   183 ||   183
 Fire: Shortbow          |    67 |    44 ||   111
  Use: Potion            |       |     4 ||     4
  Eat: Chunk             |       |     5 ||     5
Armor: Robe              |    15 |    73 ||    88
Dodge: Dodged            |    50 |   182 ||   232
